 Dungeon Crawl Stone Soup version 0.27-a0-1154-gfdeffcb720 (webtiles) character file.

Game seed: 3743155707667669240

5543 Likado the Fighter (level 11, -1/82 HPs)
             Began as a Djinni Fire Elementalist on May 15, 2021.
             Was a Priest of Qazlal.
             Slain by Snorg (10 damage)
             ... on level 11 of the Dungeon.
             The game lasted 00:17:57 (15218 turns).

Likado the Fighter (Djinni Fire Elementalist)      Turns: 15218, Time: 00:17:58

Health: -1/82      AC:  9    Str:  7    XL:     11   Next: 2%
Gold:   616        EV: 15    Int: 20    God:    Qazlal [***...] SH:  4 Dex: 14

rFire    + + .     SeeInvis .   b - +2 rapier (elec)
rCold    x . .     Faith    .   (no shield)
rNeg     . . .     Spirit   .   y - +1 steam dragon scales
rPois    ∞         Reflect  .   l - +0 helmet
rElec    .         Harm     .   r - +0 cloak
rCorr    .         Rampage  .   c - +0 pair of gloves
Will     +....                  (boots unavailable)
Stlth    ++........             (no amulet)
HPRegen  0.23/turn              t - ring of wizardry {Wiz+, !d}
MPRegen  0.00/turn              k - ring of wizardry {Wiz+, !d}

@: about to teleport, flying, hasted, very quick
A: sickness immunity, fire resistance 2, cold vulnerability 1, float, innate
caster, hp casting, extra vitality 1
a: Renounce Religion, Upheaval, Elemental Force


You were on level 11 of the Dungeon.
You worshipped Qazlal.
Qazlal was most pleased with you.
You visited 1 branch of the dungeon, and saw 12 of its levels.

You collected 658 gold pieces.
You spent 42 gold pieces at shops.

Inventory:

Hand Weapons
 a - a +2 short sword of venom
   (You took it off a kobold on level 2 of the Dungeon)
 b - a +2 rapier of electrocution (weapon)
   (You found it on level 7 of the Dungeon)
Missiles
 z - 2 curare-tipped darts
Armour
 c - a +0 pair of gloves (worn)
   (You found it on level 7 of the Dungeon)
 g - a +0 troll leather armour {regen}
   (You found it on level 9 of the Dungeon)
 l - a +0 helmet (worn)
   (You took it off Robin on level 2 of the Dungeon)
 r - a +0 cloak (worn)
   (You took it off Crazy Yiuf on level 4 of the Dungeon)
 y - +1 steam dragon scales (worn)
   (You took it off Maggie on level 7 of the Dungeon)
Jewellery
 k - a ring of wizardry (right hand) {Wiz+, !d}
   (You found it on level 2 of the Dungeon)
 t - a ring of wizardry (left hand) {Wiz+, !d}
   (You found it on level 5 of the Dungeon)
 B - a ring of magical power {MP+9}
   (You found it on level 9 of the Dungeon)
Wands
 h - a wand of charming (16)
   (You took it off an orc on level 7 of the Dungeon)
 q - a wand of flame (26)
   (You found it on level 4 of the Dungeon)
 v - a wand of acid (5)
   (You took it off Ijyb on level 5 of the Dungeon)
 w - a wand of paralysis (10)
   (You found it on level 6 of the Dungeon)
Scrolls
 f - a scroll of vulnerability {!r!r}
 o - 4 scrolls of teleportation
 p - a scroll of magic mapping {!r}
Potions
 d - a potion of attraction {!q}
 e - a potion of brilliance
 i - 2 potions of ambrosia
 j - 4 potions of curing
 m - 2 potions of cancellation
 n - a potion of might
 s - 2 potions of heal wounds
 u - 4 potions of haste
 x - a potion of resistance
 C - a potion of invisibility {unknown}
 D - 2 potions of mutation {!q}


   Skills:
 * Level 8.5 Fighting
 + Level 7.0 Dodging
 - Level 5.0 Stealth
 * Level 7.0 Spellcasting
 + Level 5.6 Invocations


You couldn't memorise any spells.
You knew the following spells:

 Your Spells              Type           Power      Damage    Failure   Level
a - Foxfire               Conj/Fire      100%       2x1d9     1%          1
b - Poisonous Vapours     Pois/Air       70%        N/A       1%          2
c - Conjure Flame         Conj/Fire      35%        6-21      1%          3
d - Inner Flame           Hex/Fire       35%        N/A       1%          3
e - Summon Guardian Gole  Hex/Summ       35%        N/A       1%          3
f - Fireball              Conj/Fire      17%        3d9       4%          5
g - Summon Ice Beast      Ice/Summ       35%        N/A       1%          4
h - Airstrike             Air            17%        N/A       1%          4
s - Sticky Flame          Conj/Fire      35%        2d5       1%          4
v - Corona                Hex            38%        N/A       1%          1
Your spell library was empty.

Dungeon Overview and Level Annotations

Branches:
Dungeon (12/15)            Temple (0/1) D:4             Orc (0/2) D:9
   Lair: D:8-11

Altars:
Qazlal
Ru

Shops:
D:4 (   D:7 :   D:9 *

Portals:
Trove: D:10 (give 4 scrolls of fear)

Annotations:
D:11 Snorg


Innate Abilities, Weirdness & Mutations

You are immune to sickness and miasma.
You are immune to poison.
Your flesh is very heat resistant. (rF++)
You are vulnerable to cold. (rC-)
You float through the air rather than walking.
You learn spells naturally, not from books.
Your magical power is your life essence.
You have superior vitality. (+4 HP)


Message History

Unknown command.
Unknown command.
Unknown command.
Erica the Fiery-Tempered comes into view.
She is wielding a +2 scimitar of flaming.
Erica shouts!
You hear a shout!
Erica points at you and mumbles some strange words.
You block the lance of force.
Unknown command.
Unknown command.
A chill wind blows around you.
You take 3 damage, and have 73/76 hp.
A chill wind blows around you.
You take 4 damage, and have 69/76 hp.
Unknown command.
Unknown command.
A chill wind blows around you.
A centaur comes into view.
Your ice beast hits Snorg.
Your ice beast freezes Snorg.
You take 4 damage, and have 65/76 hp.
Unknown command.
Unknown command.
Unknown command.
A chill wind blows around you. The centaur hits you.
The centaur closely misses you. Snorg bites your ice beast!
Snorg barely misses your ice beast. Snorg claws your ice beast.
Your ice beast barely misses Snorg.
You take 8 damage, and have 57/76 hp.
Unknown command.
Unknown command.
Unknown command.
Aim: Erica, wielding a +2 scimitar of flaming and wearing a +0 robe (ally target, 100% to hit)
The sticky flame hits Erica.
Erica is covered in liquid flames!
Erica burns!
The centaur hits you. The centaur closely misses you. Erica closely misses you.
Snorg bites your ice beast. Snorg closely misses your ice beast.
Snorg claws your ice beast! The centaur hits you.
The centaur kicks you but does no damage.
Your ice beast closely misses Snorg.
Your ice beast hits Erica.
Your ice beast freezes Erica!
You take 10 damage, and have 47/76 hp.
Unknown command.
Unknown command.
Unknown command.
You barely miss the centaur.
Erica burns! x2
Your ice beast disappears in a puff of smoke!
Your ice beast hits Erica.
Your ice beast freezes Erica!
Erica hits your ice beast with a +2 scimitar of flaming!
Erica melts your ice beast. The centaur hits you.
You block the centaur's attack.
Snorg goes berserk!
Your ice beast hits Erica but does no damage.
Your ice beast hits Erica.
Your ice beast freezes Erica!
The centaur closely misses you. x2
Erica hits your ice beast with a +2 scimitar of flaming!
Erica melts your ice beast.
You take 2 damage, and have 45/76 hp.
Unknown command.
Unknown command.
You feel yourself speed up.
Erica burns!
Your ice beast closely misses Snorg.
The centaur closely misses you. x2; Your ice beast hits Erica.
Your ice beast freezes Erica!
Your ice beast hits Erica.
Your ice beast freezes Erica.
Erica dies!
Qazlal accepts your kill.
Your Dodging skill increases to level 7!
Your Spellcasting skill increases to level 7!
You have reached level 11!
The power to cast Airstrike wells up from within.
Spell assigned to 'h'.
You regained 4 hp, and now have 49/82 hp.
Unknown command.
You hit the centaur. The centaur closely misses you. x2
Snorg barely misses you. Snorg claws you! Snorg barely misses you.
You take 11 damage, and have 38/82 hp.
You swap places.
The centaur hits you but does no damage.
The centaur barely misses you.
Your ice beast is engulfed in blazing flames.
You kill your ice beast!
Your ice beast misses Snorg.
Things that are here:
a +2 scimitar of flaming; a +0 robe; the human corpse of Erica Unknown command.
You hit Snorg. The centaur completely misses you.
You block the centaur's attack.
Snorg is engulfed in blazing flames.
Snorg bites you. Snorg claws you! Snorg closely misses you.
Your ice beast barely misses the centaur.
Your ice beast hits Snorg.
Your ice beast freezes Snorg!
You take 12 damage, and have 26/82 hp.
Okay, then.
The centaur hits you but does no damage.
The centaur barely misses you.
Snorg is engulfed in blazing flames.
Your ice beast hits the centaur.
Your ice beast freezes the centaur!
As you read the scroll of teleportation, it crumbles to dust.
You feel strangely unstable. The centaur hits you.
* * * LOW HITPOINT WARNING * * *
You block the centaur's attack. Snorg bites you!
* * * LOW HITPOINT WARNING * * *
You block Snorg's attack. Snorg claws you!
You die...

...... ###
####....# ..
.......#..
#......#.
#...##).
#[..##.# #####
#.#.○.##.#......
#....@cY>.......
#####.T°........
+...Y.......
#...........
#......#####
####+#.# ...
.... ..


You could see Snorg (berserk, ally target), a centaur (ally target) and 2
friendly ice beasts.

Vanquished Creatures
  A two-headed ogre (D:10)
  A troll (D:9)
  Eustachio (D:6)
  A steam dragon (D:7)
  Duvessa (D:4)
  2 water moccasins
  A sky beast (D:8)
  3 orc warriors
  2 ice beasts
  A necrophage (D:4)
  2 centaurs
  2 phantoms (D:5)
  2 kobold brigands
  3 bullfrogs
  6 scorpions
  A gnoll sergeant (D:9)
  A wyvern zombie (D:6)
  A water moccasin zombie (D:5)
  Dowan (D:4)
  3 killer bees (D:9)
  7 wights (D:7)
  A howler monkey (D:5)
  2 centaur zombies (D:9)
  2 hounds
  4 orc priests
  2 jellies (D:5)
  Ijyb (D:5)
  Crazy Yiuf (D:4)
  2 iguanas (D:6)
  4 orc wizards
  A hound skeleton (D:4)
  A howler monkey zombie (D:10)
  Robin (D:2)
  11 gnolls
  4 river rats (D:7)
  5 adders
  A shadow imp (D:7)
  A white imp (D:5)
  A worm (D:2)
  A dart slug (D:2)
  35 orcs
  8 ball pythons
  7 endoplasms
  3 giant cockroaches
  11 goblins
  11 hobgoblins
  3 jackals (D:3)
  9 kobolds
  2 quokkas (D:5)
  8 bats
  4 frilled lizards
  7 rats
  5 foxfires
202 creatures vanquished.

Vanquished Creatures (collateral kills)
  Erica (D:11)
  Maggie (D:7)
  8 foxfires
10 creatures vanquished.

Vanquished Creatures (others)
  A gargoyle (D:6)
  897 foxfires
  35 plants (D:7)
933 creatures vanquished.

Grand Total: 1145 creatures vanquished

Notes
Turn   | Place    | Note
-------+----------+-------------------------------------------
     0 | D:1      | Likado the Djinni Fire Elementalist began the quest for the
                  | Orb.
     0 | D:1      | Reached XP level 1. HP: 15/15 MP: 0/0
   476 | D:1      | Reached XP level 2. HP: 21/22 MP: 0/0
   764 | D:1      | Reached skill level 1 in Fighting
  1593 | D:2      | Reached XP level 3. HP: 22/27 MP: 0/0
  1593 | D:2      | Learned a level 1 spell: Corona
  1597 | D:2      | Reached skill level 2 in Stealth
  1903 | D:2      | Reached XP level 4. HP: 26/32 MP: 0/0
  2065 | D:2      | Found a stormy altar of Qazlal.
  2133 | D:2      | Became a worshipper of Qazlal Stormbringer
  2438 | D:3      | Noticed Robin
  2440 | D:3      | Reached skill level 3 in Spellcasting
  2491 | D:2      | HP: 4/33 [hobgoblin (5)]
  2497 | D:2      | HP: 3/33 [hobgoblin (2)]
  2841 | D:2      | Killed Robin
  2842 | D:2      | Reached skill level 2 in Fighting
  3027 | D:3      | Reached XP level 5. HP: 31/38 MP: 0/0
  3027 | D:3      | Learned a level 2 spell: Poisonous Vapours
  3194 | D:3      | Reached skill level 3 in Dodging
  3368 | D:3      | Reached * piety under Qazlal
  3650 | D:3      | Found a faded altar of an unknown god.
  4303 | D:4      | Noticed a necrophage
  4335 | D:4      | Killed a necrophage
  4336 | D:4      | Reached skill level 1 in Invocations
  4336 | D:4      | Reached XP level 6. HP: 32/45 MP: 0/0
  4512 | D:4      | Found a staircase to the Ecumenical Temple.
  4575 | D:4      | Found a runed translucent door.
  4578 | D:4      | Noticed Crazy Yiuf
  4592 | D:4      | HP: 8/45 [Crazy Yiuf/+2 quarterstaff of chaos (10)]
  4592 | D:4      | HP: 2/45 [Crazy Yiuf/+2 quarterstaff of chaos (6)]
  4593 | D:4      | Killed Crazy Yiuf
  4893 | D:4      | Identified the +1 mace of Fatigue {freeze, *Noise rC+
                  | Will+++ Stlth+}
  4930 | D:4      | Found Ere Mam's Antique Weapon Emporium.
  5187 | D:4      | Noticed Dowan
  5189 | D:4      | Noticed Duvessa
  5206 | D:4      | Killed Dowan
  5207 | D:4      | Reached skill level 3 in Fighting
  5678 | D:4      | Reached XP level 7. HP: 32/50 MP: 0/0
  5678 | D:4      | Learned a level 3 spell: Summon Guardian Golem
  5910 | D:5      | Entered Level 5 of the Dungeon
  6047 | D:4      | HP: 4/50 [something (10)]
  6358 | D:4      | Reached skill level 3 in Stealth
  6358 | D:4      | Reached skill level 2 in Invocations
  6602 | D:5      | Reached skill level 4 in Spellcasting
  6664 | D:5      | Found a sacrificial altar of Ru.
  6680 | D:5      | Reached skill level 4 in Fighting
  6680 | D:5      | Reached skill level 4 in Dodging
  6951 | D:5      | Reached XP level 8. HP: 51/58 MP: 0/0
  6967 | D:5      | Noticed Ijyb
  6983 | D:5      | HP: 13/58 [water moccasin zombie (3)]
  7521 | D:5      | Identified the +2 war axe "Yghes" {flame, rF+}
  7565 | D:5      | Killed Ijyb
  7680 | D:5      | Found a sacrificial altar of Ru.
  7826 | D:4      | Found a staircase to the Ecumenical Temple.
  7928 | D:4      | Found Ere Mam's Antique Weapon Emporium.
  8163 | D:4      | Killed Duvessa
  8364 | D:6      | Noticed a gargoyle
  8495 | D:6      | Reached skill level 3 in Invocations
  8545 | D:6      | Noticed Eustachio
  8554 | D:6      | Killed Eustachio
  8555 | D:6      | Reached skill level 5 in Fighting
  8817 | D:6      | Reached XP level 9. HP: 61/65 MP: 0/0
  8817 | D:6      | Learned a level 4 spell: Summon Ice Beast
  8844 | D:6      | Reached skill level 5 in Dodging
  8844 | D:6      | Reached skill level 5 in Spellcasting
  8852 | D:6      | Reached skill level 4 in Stealth
  9081 | D:6      | HP: 15/66 [wyvern zombie (13)]
  9446 | D:6      | Reached skill level 6 in Fighting
  9476 | D:7      | Noticed Maggie
  9491 | D:7      | Killed Maggie
  9492 | D:7      | Reached skill level 4 in Invocations
  9887 | D:7      | Found Ypudghufa's Book Shop.
  9903 | D:7      | Reached ** piety under Qazlal
 11230 | D:6      | Killed a gargoyle
 11231 | D:6      | Reached skill level 7 in Fighting
 11231 | D:6      | Reached skill level 6 in Dodging
 11231 | D:6      | Reached XP level 10. HP: 42/75 MP: 0/0
 11614 | D:7      | Reached skill level 6 in Spellcasting
 12892 | D:9      | Reached skill level 5 in Stealth
 13120 | D:9      | Found Tehoilua's Assorted Antiques.
 13123 | D:9      | Bought a ruby potion for 21 gold pieces
 13123 | D:9      | Bought a bubbling yellow potion for 21 gold pieces
 13246 | D:9      | Reached skill level 5 in Invocations
 13767 | D:9      | Found a staircase to the Orcish Mines.
 13828 | D:9      | Reached *** piety under Qazlal
 14874 | D:10     | Entered Level 10 of the Dungeon
 14897 | D:10     | Found a portal to a secret trove of treasure.
 15045 | D:10     | Reached skill level 8 in Fighting
 15130 | D:10     | Noticed a two-headed ogre
 15143 | D:10     | Killed a two-headed ogre
 15197 | D:10     | You are sucked into a shaft and drop 2 floors!
 15198 | D:12     | Noticed a gargoyle
 15198 | D:12     | Noticed a gargoyle
 15201 | D:12     | Noticed a two-headed ogre
 15203 | D:11     | Noticed Snorg
 15205 | D:11     | Noticed Erica
 15213 | D:11     | Killed Erica
 15214 | D:11     | Reached skill level 7 in Dodging
 15214 | D:11     | Reached skill level 7 in Spellcasting
 15214 | D:11     | Reached XP level 11. HP: 49/82 MP: 0/0
 15214 | D:11     | Learned a level 4 spell: Airstrike
 15218 | D:11     | HP: 20/82 [centaur (6)]
 15218 | D:11     | HP: 9/82 [Snorg (11)]
 15218 | D:11     | Slain by Snorg

Illustrated notes

Levels and vault maps discovered:
D:1:      kennysheep_arrival_seaside, layout_basic
D:2:      layout_rooms, basic_altar
D:3:      layout_rooms, serial_curves, eino_curves_02, eino_curves_03,
          hellmonk_ecumenical_altar_blasted, minivault_23, grunt_ministairs_15,
          minmay_misc_feat_more_columns, serial_bayou_lagoon_b, uniq_robin
D:4:      layout_basic, minmay_temple_entry_wispy, serial_shops,
          nicolae_shop_behind_doors, minmay_misc_feat_tower,
          hangedman_decor_riveting, hangedman_decor_lopped, uniq_duvessa,
          uniq_crazy_yiuf_cottage
D:5:      layout_basic, lemuel_crystal_altar, uniq_ijyb
D:6:      layout_rooms, uniq_eustachio
D:7:      wad_woods_tower, layout_cave_pods, serial_shops, shop_statue,
          uniq_maggie
D:8:      layout_basic
D:9:      layout_loops_corners, hiddenorc2_lemuel, serial_shops,
          nicolae_shop_behind_doors
D:10:     layout_gridville, minmay_lair_entry_grove, enter_trove_0, uniq_psyche
D:11:     layout_basic, worms_lemuel, uniq_harold, uniq_snorg, uniq_erica
D:12:     layout_small_grid, uniq_frances

Skill      XL: |  1  2  3  4  5  6  7  8  9 10 |
---------------+-------------------------------+-----
Fighting       | 1 2 3 4 5 7 8 |  8.5
Stealth        | 2 3 4 5 |  5.0
Spellcasting   | 3 4 5 7 |  7.0
Dodging        | 3 4 6 7 |  7.0
Invocations    | 1 2 3 4 5 |  5.6

Action                   |  1- 3 |  4- 6 |  7- 9 | 10-12 || total
-------------------------+-------+-------+-------+-------++-------
Melee: Unarmed           |     1 |       |       |       ||     1
       Dagger            |     2 |       |       |       ||     2
       Short sword       |       |    48 |    22 |     3 ||    73
       Rapier            |       |       |     5 |    81 ||    86
 Cast: Foxfire           |    80 |   125 |   241 |   103 ||   549
       Poisonous Vapours |       |     5 |    14 |       ||    19
       Conjure Flame     |       |     3 |     6 |    12 ||    21
       Sticky Flame      |       |       |    12 |     9 ||    21
       Summon Ice Beast  |       |       |     9 |     8 ||    17
       Summon Guardian G |       |       |     2 |       ||     2
       Fireball          |       |       |       |     5 ||     5
  Use: Scroll            |       |       |    12 |     6 ||    18
       Potion            |       |       |       |     1 ||     1
Armor: Robe              |       |    15 |     6 |       ||    21
       Steam dragon scal |       |       |     2 |    32 ||    34
Dodge: Dodged            |     5 |    61 |    35 |    77 ||   178
Block: Other             |       |     2 |     1 |    16 ||    19

Table legend: (Time is in decaauts)
 A = Elapsed time spent in this place.
 B = Non-inter-level travel time spent in this place.
 C = Inter-level travel time spent in this place.
 D = Time resting spent in this place.
 E = Time spent auto-exploring this place.
 F = Levels seen in this place.
 G = Mean time per level.
                   A        B        C        D        E       F      G
               +--------+--------+--------+--------+--------+-----+--------+
         Total |  15247 |  14597 |    650 |   4953 |   7853 |  12 | 1270.6 |
       Dungeon |  15247 |  14597 |    650 |   4953 |   7853 |  12 | 1270.6 |
               +--------+--------+--------+--------+--------+-----+--------+

Top non-repeatable levels by time:
     D:4: 2244 daAuts
     D:9: 2092 daAuts
     D:7: 1992 daAuts
     D:1: 1857 daAuts
     D:3: 1720 daAuts
     D:6: 1473 daAuts
     D:5: 1307 daAuts
     D:2: 1143 daAuts
     D:8: 1068 daAuts
    D:10: 326 daAuts
    D:11: 13 daAuts
    D:12: 5 daAuts

Table legend:
 A = Kills in this place as a percentage of kills in entire the game.
 B = Kills by you in this place as a percentage of kills by you in the entire game.
 C = Kills by friends in this place as a percentage of kills by friends in the entire game.
 D = Other kills in this place as a percentage of other kills in the entire game.
 E = Experience gained in this place as a percentage of experience gained in the entire game.
 F = Experience gained in this place divided by the number of levels of this place that you have seen.
                   A       B       C       D       E      F
               +-------+-------+-------+-------+-------+----------------------
         Total | 100.0 | 100.0 | 100.0 | 100.0 | 100.0 | 659.9
       Dungeon | 100.0 | 100.0 | 100.0 | 100.0 | 100.0 | 659.9
               +-------+-------+-------+-------+-------+----------------------
